 Dungeon Crawl Stone Soup version 0.31-a0-236-g9a0961fb85 (webtiles) character file.

Game seed: 17330880079086950810

81 garrulousMonolith the Firebug (level 4, -4/32 HPs)
             Began as a Gnoll Fire Elementalist on July 11, 2023.
             Killed by divine providence
             ... invoked by an orc priest
              (11 damage)
             ... on level 3 of the Dungeon.
             The game lasted 00:01:52 (1939 turns).

garrulousMonolith the Firebug (GnFE)                Turns: 1939, Time: 00:01:53

Health: -4/32      AC:  4    Str:  7    XL:     4   Next: 42%
Magic:  4/11       EV: 13    Int: 17    God:
Gold:   104        SH:  0    Dex: 12    Spells: 7/13 levels left

rFire   . .          .
                       - Unarmed
rCold   . . .        (no shield)
rNeg    . . .        a - +0 robe
rPois   .            g - +1 hat
rElec   .            l - +0 cloak
rCorr   .            (no gloves)
SInv    .            (no boots)
Will    .....        (no amulet)
Stlth   ++           (no ring)
HPRegen 0.25/turn    (no ring)
MPRegen 0.12/turn

%: no passive effects
@: no status effects
A: fangs 1, strong nose, distributed training
a: no special abilities


You were on level 3 of the Dungeon.
You visited 1 branch of the dungeon, and saw 3 of its levels.

You collected 104 gold pieces.

Inventory:

Armour
 a - a +0 robe (worn)
 g - a +1 hat (worn)
 l - a +0 cloak (worn)
Scrolls
 c - a scroll of fog {unknown}
 d - a scroll of identify {unknown}
 f - a scroll of noise {unknown}
 i - a scroll of immolation {unknown}
 k - a scroll of poison {unknown}
Potions
 e - a potion of resistance {unknown}
 h - a potion of lignification {unknown}
 j - a potion of curing {unknown}
 m - a potion of heal wounds {unknown}
 n - 2 potions of haste {unknown}


   Skills:
 + Level 1.2 Fighting
 + Level 1.2 Short Blades
 + Level 1.2 Long Blades
 + Level 1.2 Axes
 + Level 1.2 Maces & Flails
 + Level 1.2 Polearms
 + Level 1.2 Staves
 + Level 1.2 Ranged Weapons
 + Level 1.2 Throwing
 + Level 1.2 Armour
 + Level 4.6 Dodging
 + Level 4.3 Stealth
 + Level 1.2 Shields
 + Level 1.2 Unarmed Combat
 + Level 5.1 Spellcasting
 + Level 2.2 Conjurations
 + Level 1.0 Hexes
 + Level 1.0 Summonings
 + Level 1.0 Necromancy
 + Level 1.0 Translocations
 + Level 1.0 Transmutations
 + Level 5.5 Fire Magic
 + Level 1.0 Ice Magic
 + Level 1.0 Air Magic
 + Level 1.0 Earth Magic
 + Level 1.0 Poison Magic
 + Level 1.3 Invocations
 + Level 1.2 Evocations


You had 7 spell levels left.
You knew the following spells:

 Your Spells              Type           Power      Damage    Failure   Level
a - Foxfire               Conj/Fire      68%        2x1d7     2%          1
b - Scorch                Fire           46%        2d6       2%          2
c - Volatile Blastmotes   Fire/Tloc      30%        2d12      11%         3

Your spell library contained the following spells:

 Spells                   Type           Power      Damage    Failure   Level
 Inner Flame              Hex/Fire       15%        N/A       11%         3
 Flame Wave               Conj/Fire      17%        2d7       28%         4


Dungeon Overview and Level Annotations

Branches:
Dungeon (3/15)

Altars:
Gozag
Ru

Shops:
D:1 (


Innate Abilities, Weirdness & Mutations

You have very sharp teeth.
Your uncanny sense of smell can sniff out nearby items.
Your experience applies equally to all skills.


Message History

Casting: Foxfire (safe; 2% risk of failure)
Confirm with . or Enter, or press ? or * to list all spells.
There is not enough space to conjure foxfire!
You aren't carrying any items that you can evoke.
Unknown command.
Magic courses through your body.
The orc priest looks satisfied for a moment.
The orc closely misses you.
Casting: Foxfire (safe; 2% risk of failure)
Confirm with . or Enter, or press ? or * to list all spells.
Flames lash the orc.
The orc is severely wounded.
The orc's fire resistance burns away.
The orc barely misses you. The orc completely misses you.
Casting: Scorch (safe; 2% risk of failure)
Confirm with . or Enter, or press ? or * to list all spells.
Flames lash the orc.
The orc is burned terribly!
You kill the orc!
The orc priest calls down the wrath of Beogh upon you.
Beogh smites you!
The orc priest calls upon Beogh to heal the orc.
The orc's wounds heal themselves!
The orc hits you with a +0 club.
* * * LOW HITPOINT WARNING * * *
Casting: Scorch (safe; 2% risk of failure)
Confirm with . or Enter, or press ? or * to list all spells.
Flames lash the orc priest.
The orc priest is almost dead.
The orc priest's fire resistance burns away.
The orc barely misses you. The orc hits you with a +0 club.
* * * LOW HITPOINT WARNING * * *
Casting: Scorch (safe; 2% risk of failure)
Confirm with . or Enter, or press ? or * to list all spells.
Flames lash the orc.
The orc is moderately wounded.
The orc's fire resistance burns away.
The orc priest is no longer more vulnerable to fire.
The orc priest mumbles some strange prayers to Beogh against you.
Beogh smites you!
You die...

########## #.........
#.#######. #.# #. # #.#
#. .###.## #.# #.
.......#########.#######.
......oo@................
.....#.#########.####.###
.#. #. #... #. .. ####.#.
.## #. #. .. # .. o.


You could see an orc priest and an orc (combustible).

Vanquished Creatures
  Natasha (twice) (D:2)
  An adder (D:3)
  A worm (D:2)
  A dart slug (D:3)
  An orc (D:3)
  2 bats
  An endoplasm (D:1)
  A giant cockroach (D:1)
  A goblin (D:2)
  A hobgoblin (D:2)
  2 kobolds
  3 frilled lizards
  5 rats
22 creatures vanquished.

Vanquished Creatures (others)
  94 foxfires
94 creatures vanquished.

Grand Total: 116 creatures vanquished

Notes
Turn   | Place    | Note
-------+----------+-------------------------------------------
     0 | D:1      | garrulousMonolith the Gnoll Fire Elementalist began the
                  | quest for the Orb.
     0 | D:1      | Reached XP level 1. HP: 13/13 MP: 6/6
   249 | D:1      | Reached XP level 2. HP: 19/19 MP: 5/7
   365 | D:1      | Found Eshrum's Weapon Shoppe.
   884 | D:2      | Noticed Natasha
   898 | D:2      | Killed Natasha
   899 | D:2      | Reached skill level 5 in Spellcasting
   899 | D:2      | Reached skill level 1 in Invocations
   899 | D:2      | Reached XP level 3. HP: 8/25 MP: 3/9
   953 | D:2      | Learned a level 2 spell: Scorch
   957 | D:2      | Learned a level 3 spell: Volatile Blastmotes
  1382 | D:2      | Noticed Natasha
  1390 | D:2      | Killed Natasha
  1391 | D:2      | Reached skill level 1 in Fighting
  1391 | D:2      | Reached skill level 1 in Short Blades
  1391 | D:2      | Reached skill level 1 in Long Blades
  1391 | D:2      | Reached skill level 1 in Axes
  1391 | D:2      | Reached skill level 1 in Maces & Flails
  1391 | D:2      | Reached skill level 1 in Polearms
  1391 | D:2      | Reached skill level 1 in Staves
  1391 | D:2      | Reached skill level 1 in Ranged Weapons
  1391 | D:2      | Reached skill level 1 in Throwing
  1391 | D:2      | Reached skill level 1 in Armour
  1391 | D:2      | Reached skill level 1 in Shields
  1391 | D:2      | Reached skill level 1 in Unarmed Combat
  1391 | D:2      | Reached skill level 1 in Evocations
  1391 | D:2      | Reached XP level 4. HP: 29/32 MP: 4/11
  1756 | D:3      | Reached skill level 1 in Hexes
  1756 | D:3      | Reached skill level 1 in Summonings
  1756 | D:3      | Reached skill level 1 in Necromancy
  1756 | D:3      | Reached skill level 1 in Translocations
  1756 | D:3      | Reached skill level 1 in Transmutations
  1756 | D:3      | Reached skill level 1 in Ice Magic
  1756 | D:3      | Reached skill level 1 in Air Magic
  1756 | D:3      | Reached skill level 1 in Earth Magic
  1756 | D:3      | Reached skill level 1 in Poison Magic
  1829 | D:3      | Found a sacrificial altar of Ru.
  1831 | D:3      | Found an opulent altar of Gozag.
  1939 | D:3      | Killed from afar by an orc priest

Illustrated notes

Levels and vault maps discovered:
D:1:      amcnicky_arrival_feature_with_door, layout_rooms, serial_shops, shop,
          serial_bayou_pond_a, st_stairs_2
D:2:      layout_loops_corners, uniq_natasha
D:3:      layout_basic, grunt_temple_overflow_open, serial_shops, shop,
          ebering_ecumenical_altar_abandoned, grunt_decor_one_mirror

Skill      XL: |  1  2  3  4 |
---------------+-------------+-----
Conjurations   | 2 |  2.2
Spellcasting   | 5 |  5.1
Invocations    | 1 |  1.3
Fighting       | 1 |  1.2
Short Blades   | 1 |  1.2
Long Blades    | 1 |  1.2
Axes           | 1 |  1.2
Maces & Flails | 1 |  1.2
Polearms       | 1 |  1.2
Staves         | 1 |  1.2
Ranged Weapons | 1 |  1.2
Throwing       | 1 |  1.2
Armour         | 1 |  1.2
Shields        | 1 |  1.2
Unarmed Combat | 1 |  1.2
Evocations     | 1 |  1.2
Hexes          | 1 |  1.0
Summonings     | 1 |  1.0
Necromancy     | 1 |  1.0
Translocations | 1 |  1.0
Transmutations | 1 |  1.0
Ice Magic      | 1 |  1.0
Air Magic      | 1 |  1.0
Earth Magic    | 1 |  1.0
Poison Magic   | 1 |  1.0
Dodging        | |  4.6
Stealth        | |  4.3
Fire Magic     | |  5.5

Action                     |  1- 3 |  4- 6 || total
---------------------------+-------+-------++-------
   Cast: Foxfire           |    43 |    12 ||    55
         Scorch            |     2 |     7 ||     9
    Use: Potion            |       |     1 ||     1
 Armour: Robe              |       |     2 ||     2
  Dodge: Dodged            |     7 |    13 ||    20

Table legend: (Time is in decaauts)
 A = Elapsed time spent in this place.
 B = Non-inter-level travel time spent in this place.
 C = Inter-level travel time spent in this place.
 D = Time resting spent in this place.
 E = Time spent auto-exploring this place.
 F = Levels seen in this place.
 G = Mean time per level.
                   A        B        C        D        E       F      G
               +--------+--------+--------+--------+--------+-----+--------+
         Total |   1938 |   1855 |     83 |     51 |   1544 |   3 |  646.0 |
       Dungeon |   1938 |   1855 |     83 |     51 |   1544 |   3 |  646.0 |
               +--------+--------+--------+--------+--------+-----+--------+

Top non-repeatable levels by time:
     D:2: 1057 daAuts
     D:1: 622 daAuts
     D:3: 258 daAuts
